 Dungeon Crawl Stone Soup version 0.29-a0-529-gfa20dd96a1 (webtiles) character file.

Game seed: 17275089515737150496

115 happo123 the Sneak (level 5, 0/29 HPs)
             Began as a Kobold Enchanter on June 1, 2022.
             Killed from afar by an orc wizard (9 damage)
             ... with a puff of flame
             ... on level 3 of the Dungeon.
             The game lasted 00:09:51 (3579 turns).

happo123 the Sneak (Kobold Enchanter)               Turns: 3579, Time: 00:09:52

Health: 0/29       AC:  2    Str:  6    XL:     5   Next: 20%
Magic:  3/9        EV: 15    Int: 18    God:
Gold:   105        SH:  0    Dex: 15    Spells: 1/9 levels left

rFire   . . .      SeeInvis .   a - +1 dagger
rCold   . . .      Faith    .   (no shield)
rNeg    . . .      Spirit   .   b - +0 robe
rPois   .          Reflect  .   (no helmet)
rElec   .          Harm     .   (no cloak)
rCorr   .          Rampage  .   (no gloves)
Will    .....                   (no boots)
Stlth   ++++......              (no amulet)
HPRegen 0.09/turn               (no ring)
MPRegen 0.11/turn               (no ring)

@: no status effects
A: small, no large weapons, nightstalker 3
a: no special abilities


You were on level 3 of the Dungeon.
You visited 1 branch of the dungeon, and saw 3 of its levels.

You collected 105 gold pieces.

Inventory:

Hand Weapons
 a - a +1 dagger (weapon)
Armour
 b - a +0 robe (worn)
Scrolls
 f - 3 scrolls of teleportation {unknown}
 k - 2 scrolls of identify {unknown}
 m - a scroll of fog {unknown}
 n - a scroll of enchant armour {unknown}
Potions
 c - 2 potions of invisibility
 d - 3 potions of curing {unknown}
 e - 2 potions of heal wounds {unknown}
 g - 3 potions of mutation {unknown}
 h - 2 potions of might {unknown}
 i - 2 potions of brilliance {unknown}
 j - 2 potions of degeneration {unknown}
 l - a potion of attraction {unknown}


   Skills:
 + Level 1.4 Fighting
 + Level 2.5 Short Blades
 + Level 3.2 Dodging
 + Level 4.6 Stealth
 + Level 2.7 Spellcasting
 * Level 3.9 Hexes


You had one spell level left.
You knew the following spells:

 Your Spells              Type           Power      Damage    Failure   Level
a - Ensorcelled Hibernat  Hex/Ice        18%        N/A       12%         2
b - Confusing Touch       Hex            16%        N/A       10%         3
c - Tukima's Dance        Hex            16%        N/A       10%         3

Your spell library contained the following spells:

 Spells                   Type           Power      Damage    Failure   Level
 Dazzling Flash           Conj/Hex       18%        N/A       22%         3
 Corpse Rot               Necr/Pois/Air  2%         N/A       86%         4
 Petrify                  Tmut/Erth      2%         N/A       86%         4
 Blade Hands              Tmut           1%         N/A       99%         5
 Irradiate                Conj/Tmut      1%         3d13      99%         5
 Dragon Form              Tmut           1%         N/A       100%        7


Dungeon Overview and Level Annotations

Branches:
Dungeon (3/15)

Altars:
Ashenzari
Okawaru
Sif Muna


Innate Abilities, Weirdness & Mutations

You are small and have problems with some larger weapons.
You are completely attuned to the shadows.


Message History

Aim: a ball python (chance to affect: 61%)
The ball python resists with significant effort.
The ball python closely misses you. The ball python grabs you.
The ball python constricts you.
You escape the ball python's grasp.
You hit the ball python.
The ball python is severely wounded.
The ball python closely misses you. x2
The ball python attacks as you move away!
The ball python barely misses you. The ball python closely misses you.
The ball python attacks as you move away!
The ball python bites you but does no damage.
The ball python barely misses you.
The ball python bites you but does no damage.
The ball python grabs you. The ball python constricts you.
You escape the ball python's grasp.
The orc wizard mumbles some strange words.
The orc wizard flickers and vanishes!
Deactivating autopickup; reactivate with Ctrl-A.
You barely miss the ball python.
The ball python is severely wounded.
The ball python closely misses you. x2
You hit the ball python but do no damage.
You punch the ball python.
You kill the ball python!
You hear some strange, mumbled words.
A magic dart appears from out of thin air!
The magic dart hits you. Something hits you.
Something hits you but does no damage.
You hear some strange, mumbled words.
You are confused.
You bump into the rock wall.
You're too confused to move!
You barely miss something. Something hits you.
You feel less confused.
You hear some strange, mumbled words.
A puff of flame appears from out of thin air!
The puff of flame hits you!
You die...

#####################
....................#
###################.#
..<#..............#.#
................#.#.#
............###.#.#.# #######
.....######.# #.#.#.##### #.....#
###### #.# #.@.#.#...# #.....#
.....######.####.{#.#...###.....#
.....'..........(.......'.'.....#
.....###########.##.#...###.....#
################.##.###.#######.#
#.........................#
####.#########.##.##.#########
####.....# #..#.##†# #..
.........# ##.#.##.# #.#


There were no monsters in sight!

Vanquished Creatures
  4 adders (D:2)
  A white imp (D:3)
  A worm (D:2)
  A dart slug (D:3)
  3 orcs (D:3)
  6 ball pythons
  5 endoplasms
  A goblin (D:1)
  7 hobgoblins
  3 jackals (D:3)
  3 quokkas
  7 bats
  6 frilled lizards
  8 kobolds
  10 rats
66 creatures vanquished.

Notes
Turn   | Place    | Note
-------+----------+-------------------------------------------
     0 | D:1      | happo123 the Kobold Enchanter began the quest for the Orb.
     0 | D:1      | Reached XP level 1. HP: 10/10 MP: 3/3
   136 | D:1      | Reached XP level 2. HP: 15/15 MP: 5/5
   158 | D:1      | Learned a level 2 spell: Ensorcelled Hibernation
   658 | D:1      | Reached XP level 3. HP: 20/20 MP: 6/6
  1195 | D:2      | Learned a level 3 spell: Confusing Touch
  1230 | D:2      | Found a shimmering blue altar of Sif Muna.
  1613 | D:2      | Reached XP level 4. HP: 24/24 MP: 7/7
  1615 | D:2      | Got the Guide on Shifting Unholy Secrets
  1876 | D:2      | Reached skill level 1 in Fighting
  3060 | D:3      | Reached XP level 5. HP: 16/29 MP: 4/8
  3069 | D:3      | Learned a level 3 spell: Tukima's Dance
  3448 | D:3      | Found a faded altar of an unknown god.
  3449 | D:3      | Found an iron altar of Okawaru.
  3515 | D:3      | Found a broken altar of Ashenzari.
  3579 | D:3      | Killed from afar by an orc wizard

Illustrated notes

Levels and vault maps discovered:
D:1:      elethiomel_arrival_diamonds, layout_loops_corners
D:2:      layout_basic, basic_altar, serial_bayou_ford_a
D:3:      layout_basic, lemuel_crystal_altar, nicolae_overflow_ecumenical_swirl,
          shapermc_ecumenical_altar_ellora

Skill      XL: |  1  2  3  4 |
---------------+-------------+-----
Dodging        | 3 |  3.2
Fighting       | 1 |  1.4
Short Blades   | 2 |  2.5
Stealth        | |  4.6
Spellcasting   | |  2.7
Hexes          | |  3.9

Action                   |  1- 3 |  4- 6 || total
-------------------------+-------+-------++-------
Melee: Dagger            |    71 |    44 ||   115
       Punch             |     2 |     1 ||     3
 Cast: Ensorcelled Hiber |     7 |    20 ||    27
       Confusing Touch   |       |     1 ||     1
 Stab: Sleeping          |    28 |    22 ||    50
       Confused          |       |     1 ||     1
Armor: Robe              |     7 |    12 ||    19
Dodge: Dodged            |    35 |    40 ||    75

Table legend: (Time is in decaauts)
 A = Elapsed time spent in this place.
 B = Non-inter-level travel time spent in this place.
 C = Inter-level travel time spent in this place.
 D = Time resting spent in this place.
 E = Time spent auto-exploring this place.
 F = Levels seen in this place.
 G = Mean time per level.
                   A        B        C        D        E       F      G
               +--------+--------+--------+--------+--------+-----+--------+
         Total |   3583 |   3476 |    107 |      0 |   3033 |   3 | 1194.3 |
       Dungeon |   3583 |   3476 |    107 |      0 |   3033 |   3 | 1194.3 |
               +--------+--------+--------+--------+--------+-----+--------+

Top non-repeatable levels by time:
     D:2: 1780 daAuts
     D:1: 1167 daAuts
     D:3: 635 daAuts
